TOP OF THE 1ST |
---|
Redwood City Redwoods batting - Pitching for Mile High Broncos : RHP Manny Pérez | Pitching: RHP Manny Pérez | | Batting: RHB Jason Blair | 0-0: Ball 1-0: Ball 2-0: Foul Ball, location: 2F 2-1: Swinging Strike 2-2: Ball 3-2: Strikes out swinging | Batting: LHB César Rodríguez | 0-0: Ball 1-0: Ball 2-0: Ball 3-0: Base on Balls | Batting: LHB Vicente Chávez | 0-0: Ball 1-0: SINGLE (Line Drive, 6MD) César Rodríguez to second | Batting: LHB Tim Ramsey | 0-0: Fly out, F3 (Popup, 3L) | Batting: RHB Joe Noble | 0-0: Swinging Strike 0-1: Ball 1-1: Called Strike 1-2: Fly out, F9 (Flyball, 89S) | Top of the 1st over - 0 runs, 1 hit, 0 errors, 2 left on base; Redwood City 0 - Mile High 0 | BOTTOM OF THE 1ST |
---|
Mile High Broncos batting - Pitching for Redwood City Redwoods : RHP Carlos Rodríguez | Pitching: RHP Carlos Rodríguez | | Batting: RHB Reynaldo Slomp | 0-0: Ball 1-0: Foul Ball, location: 2F 1-1: Called Strike 1-2: Strikes out swinging | Batting: LHB Jim Knight | 0-0: Ball 1-0: Called Strike 1-1: Foul Ball, location: 2F 1-2: Strikes out swinging | Batting: LHB Tony Báez | 0-0: Ball 1-0: Fly out, F9 (Line Drive, 9LM) | Bottom of the 1st over - 0 runs, 0 hits, 0 errors, 0 left on base; Redwood City 0 - Mile High 0 | TOP OF THE 2ND |
---|
Redwood City Redwoods batting - Pitching for Mile High Broncos : RHP Manny Pérez | Batting: RHB Luis Ramírez | 0-0: Ball 1-0: Foul Ball, location: 2F 1-1: Ball 2-1: Called Strike 2-2: Ball 3-2: Strikes out looking | Batting: SHB Chris Young | 0-0: Ball 1-0: Ball 2-0: Called Strike 2-1: Swinging Strike 2-2: Strikes out swinging | Batting: LHB Dave Lee | 0-0: Swinging Strike 0-1: Ball 1-1: Ball 2-1: Foul Ball, location: 2F 2-2: Ball 3-2: Base on Balls | Batting: SHB Ryan Holcomb | 0-0: Ball 1-0: Ball 2-0: Called Strike 2-1: Foul Ball, location: 2F 2-2: Ground out 4-3 (Groundball, 4) | Top of the 2nd over - 0 runs, 0 hits, 0 errors, 1 left on base; Redwood City 0 - Mile High 0 | BOTTOM OF THE 2ND |
---|
Mile High Broncos batting - Pitching for Redwood City Redwoods : RHP Carlos Rodríguez | Batting: RHB António Martínez | 0-0: Ball 1-0: SINGLE (Groundball, 6D) | Batting: SHB Michael Field | 0-0: Called Strike 0-1: Ball 1-1: Ball 2-1: Ball 3-1: Swinging Strike 3-2: Base on Balls António Martínez to second | Batting: RHB Rodney González | 0-0: Ball 1-0: Ball 2-0: Ball 3-0: Called Strike 3-1: Base on Balls António Martínez to third Michael Field to second | Batting: SHB Tom Stevens | 0-0: Foul Ball, location: 2F 0-1: Swinging Strike 0-2: Ball 1-2: Ball 2-2: Ball 3-2: Foul Ball, location: 2F 3-2: Fielders Choice at 2nd, 5-4 (Groundball, 56) António Martínez scores Michael Field to third | Batting: LHB Jesús González | 0-0: Ball 1-0: Foul Ball, location: 2F 1-1: SINGLE (Groundball, 4S) (infield hit) Michael Field scores Tom Stevens to second | Batting: SHB Paco Martínez | 0-0: Ball Tom Stevens is caught stealing 3rd base Jesús González to second 1-0: Ball 2-0: Ball 3-0: Called Strike 3-1: Base on Balls | Batting: RHB Reynaldo Slomp | 0-0: SINGLE (Line Drive, 9LM) Jesús González to third Paco Martínez to second Runner from 3rd tries for Home, SAFE, no throw | Batting: LHB Jim Knight | 0-0: Ball 1-0: Ground out 4-3 (Groundball, 4) | Bottom of the 2nd over - 3 runs, 3 hits, 0 errors, 2 left on base; Redwood City 0 - Mile High 3 | TOP OF THE 3RD |
---|
Redwood City Redwoods batting - Pitching for Mile High Broncos : RHP Manny Pérez | Batting: RHB Jason Blair | 0-0: Ball 1-0: Swinging Strike 1-1: Ball 2-1: Ball 3-1: Base on Balls | Batting: LHB César Rodríguez | 0-0: Called Strike 0-1: SINGLE (Flyball, 9LM) Jason Blair to second Runner from 2nd tries for 3rd, SAFE, throw made to third | Batting: LHB Vicente Chávez | 0-0: Ball 1-0: Ball 2-0: Ball 3-0: Called Strike 3-1: Foul Ball, location: 2F 3-2: Foul Ball, location: 2F 3-2: Base on Balls César Rodríguez to second | Batting: LHB Tim Ramsey | 0-0: Ball 1-0: Called Strike 1-1: Fly out, F8 (Flyball, 8LD) Runner from 3rd tags up, SCORES, throw made | Batting: RHB Joe Noble | 0-0: Ball 1-0: Foul Ball, location: 2F 1-1: Swinging Strike 1-2: Grounds into double play, 4-6-3 (Groundball, 4) | Top of the 3rd over - 1 run, 1 hit, 0 errors, 1 left on base; Redwood City 1 - Mile High 3 | BOTTOM OF THE 3RD |
---|
Mile High Broncos batting - Pitching for Redwood City Redwoods : RHP Carlos Rodríguez | Batting: LHB Tony Báez | 0-0: Foul Ball, location: 2F 0-1: Called Strike 0-2: Foul Ball, location: 2F 0-2: Strikes out swinging | Batting: RHB António Martínez | 0-0: Called Strike 0-1: Foul Ball, location: 2F 0-2: Ground out 4-3 (Groundball, 4) | Batting: SHB Michael Field | 0-0: Ball 1-0: Fly out, F9 (Flyball, 9LMF) | Bottom of the 3rd over - 0 runs, 0 hits, 0 errors, 0 left on base; Redwood City 1 - Mile High 3 | TOP OF THE 4TH |
---|
Redwood City Redwoods batting - Pitching for Mile High Broncos : RHP Manny Pérez | Batting: RHB Luis Ramírez | 0-0: Foul Ball, location: 2F 0-1: Called Strike 0-2: Ground out 5-3 (Groundball, 56) | Batting: SHB Chris Young | 0-0: Ball 1-0: Foul Ball, location: 2F 1-1: Fly out, F9 (Flyball, 9LSF) | Batting: LHB Dave Lee | 0-0: Ball 1-0: Ball 2-0: Ball 3-0: Called Strike 3-1: Base on Balls | Pitching: LHP Jorge García | | Batting: SHB Ryan Holcomb | 0-0: Ball 1-0: Ground out 4-3 (Groundball, 4) | Top of the 4th over - 0 runs, 0 hits, 0 errors, 1 left on base; Redwood City 1 - Mile High 3 | BOTTOM OF THE 4TH |
---|
Mile High Broncos batting - Pitching for Redwood City Redwoods : RHP Carlos Rodríguez | Batting: RHB Rodney González | 0-0: Called Strike 0-1: Ball 1-1: SINGLE (Line Drive, 5) | Batting: SHB Tom Stevens | 0-0: Fielders Choice at 2nd, 6-4 (Groundball, 6) | Batting: LHB Jesús González | 0-0: Ball 1-0: Ball 2-0: Called Strike 2-1: Ball Tom Stevens steals 2nd base 3-1: Base on Balls | Batting: SHB Paco Martínez | 0-0: Called Strike 0-1: Ball 1-1: Swinging Strike 1-2: Ball 2-2: Foul Ball, location: 2F 2-2: Foul Ball, location: 2F 2-2: Ball 3-2: Base on Balls Tom Stevens to third Jesús González to second | Batting: RHB Reynaldo Slomp | 0-0: Called Strike 0-1: Ball 1-1: Ball Wild Pitch! Tom Stevens scores Jesús González to third Paco Martínez to second 2-1: Foul Ball, location: 2F 2-2: Ball 3-2: Foul Ball, location: 2F 3-2: Fly out, F3 (Flyball, 3D) | Batting: LHB Jim Knight | 0-0: Called Strike 0-1: Ball 1-1: Foul Ball, location: 2F 1-2: 3-RUN HOME RUN (Flyball, 7D), Distance : 365 ft | Batting: LHB Tony Báez | 0-0: Ball 1-0: Foul Ball, location: 2F 1-1: SINGLE (Line Drive, 4MD) | Batting: RHB António Martínez | 0-0: Foul Ball, location: 2F 0-1: Ball 1-1: Called Strike 1-2: Foul Ball, location: 2F 1-2: Strikes out swinging | Bottom of the 4th over - 4 runs, 3 hits, 0 errors, 1 left on base; Redwood City 1 - Mile High 7 | TOP OF THE 5TH |
---|
Redwood City Redwoods batting - Pitching for Mile High Broncos : LHP Jorge García | Batting: RHB Jason Blair | 0-0: Foul Ball, location: 2F 0-1: Foul Ball, location: 2F 0-2: Strikes out looking | Batting: LHB César Rodríguez | 0-0: Swinging Strike 0-1: Swinging Strike 0-2: Ball 1-2: Foul Ball, location: 2F 1-2: DOUBLE (Line Drive, 78M) | Batting: LHB Vicente Chávez | 0-0: Ground out U3 (Groundball, 34) César Rodríguez to third | Batting: LHB Tim Ramsey | 0-0: Ball 1-0: Ball 2-0: Swinging Strike 2-1: Fly out, F9 (Flyball, 9S) | Top of the 5th over - 0 runs, 1 hit, 0 errors, 1 left on base; Redwood City 1 - Mile High 7 | BOTTOM OF THE 5TH |
---|
Mile High Broncos batting - Pitching for Redwood City Redwoods : RHP Carlos Rodríguez | Batting: SHB Michael Field | 0-0: Ball 1-0: Called Strike 1-1: Swinging Strike 1-2: Ball 2-2: Foul Ball, location: 2F 2-2: Ground out 4-3 (Groundball, 4) | Batting: RHB Rodney González | 0-0: Ball 1-0: Ball 2-0: Swinging Strike 2-1: Ball 3-1: SINGLE (Groundball, 6MD) | Pitching: RHP Michael Díaz | | Batting: SHB Tom Stevens | 0-0: Ball 1-0: Called Strike 1-1: Foul Ball, location: 2F 1-2: Foul Ball, location: 2F 1-2: Ball 2-2: Strikes out swinging | Batting: LHB Jesús González | 0-0: Called Strike 0-1: Called Strike 0-2: Strikes out swinging | Bottom of the 5th over - 0 runs, 1 hit, 0 errors, 1 left on base; Redwood City 1 - Mile High 7 | TOP OF THE 6TH |
---|
Redwood City Redwoods batting - Pitching for Mile High Broncos : LHP Jorge García | Batting: RHB Joe Noble | 0-0: Ball 1-0: Called Strike 1-1: DOUBLE (Flyball, 78XD) | Batting: RHB Luis Ramírez | 0-0: Ball 1-0: Ball 2-0: Foul Ball, location: 2F 2-1: Ball 3-1: Called Strike 3-2: Foul Ball, location: 2F 3-2: Foul Ball, location: 2F 3-2: Foul Ball, location: 2F 3-2: SINGLE (Line Drive, 4D) Joe Noble to third | Batting: SHB Chris Young | 0-0: Ball 1-0: SINGLE (Line Drive, 3D) Joe Noble scores Luis Ramírez to second | Batting: LHB Dave Lee | 0-0: Ball 1-0: Ball 2-0: Fly out, F6 (Popup, 6S) | Batting: SHB Ryan Holcomb | 0-0: Called Strike 0-1: Ground out 4-3 (Groundball, 4MD) Luis Ramírez to third Chris Young to second | Batting: RHB Jason Blair | 0-0: Called Strike 0-1: Foul Ball, location: 2F 0-2: Ball 1-2: Fly out, F9 (Flyball, 9LSF) | Top of the 6th over - 1 run, 3 hits, 0 errors, 2 left on base; Redwood City 2 - Mile High 7 | BOTTOM OF THE 6TH |
---|
Mile High Broncos batting - Pitching for Redwood City Redwoods : RHP Michael Díaz | Batting: SHB Paco Martínez | 0-0: Foul Ball, location: 2F 0-1: Called Strike 0-2: Ground out 6-3 (Groundball, 6) | Batting: RHB Reynaldo Slomp | 0-0: Ball 1-0: Ball 2-0: Ball 3-0: Base on Balls | Batting: LHB Jim Knight | 0-0: Called Strike 0-1: Ball 1-1: Swinging Strike 1-2: Foul Ball, location: 2F 1-2: Ball 2-2: Foul Ball, location: 2F 2-2: Ball 3-2: Foul Ball, location: 2F 3-2: Foul Ball, location: 2F 3-2: Strikes out swinging | Batting: LHB Tony Báez | 0-0: Ground out 4-3 (Groundball, 4) | Bottom of the 6th over - 0 runs, 0 hits, 0 errors, 1 left on base; Redwood City 2 - Mile High 7 | TOP OF THE 7TH |
---|
Redwood City Redwoods batting - Pitching for Mile High Broncos : LHP Jorge García | Batting: LHB César Rodríguez | 0-0: Swinging Strike 0-1: Fly out, F7 (Flyball, 7S) | Batting: LHB Vicente Chávez | 0-0: Ball 1-0: Ground out 5-3 (Groundball, 5) | Batting: LHB Tim Ramsey | 0-0: Called Strike 0-1: Ball 1-1: Ground out 4-3 (Groundball, 34D) | Top of the 7th over - 0 runs, 0 hits, 0 errors, 0 left on base; Redwood City 2 - Mile High 7 | BOTTOM OF THE 7TH |
---|
Mile High Broncos batting - Pitching for Redwood City Redwoods : RHP Michael Díaz | Batting: RHB António Martínez | 0-0: Ball 1-0: SINGLE (Groundball, 56D) | Batting: SHB Michael Field | 0-0: Ball 1-0: Ball 2-0: Ball Wild Pitch! António Martínez to second 3-0: Called Strike 3-1: Base on Balls | Batting: RHB Rodney González | 0-0: Ball 1-0: Ball 2-0: Called Strike 2-1: Ball 3-1: Base on Balls António Martínez to third Michael Field to second | Batting: SHB Tom Stevens | 0-0: Foul Ball, location: 2F 0-1: Ball 1-1: Called Strike 1-2: Strikes out looking | Batting: LHB Jesús González | 0-0: Called Strike 0-1: Foul Ball, location: 2F 0-2: Foul Ball, location: 2F 0-2: Strikes out swinging | Batting: SHB Paco Martínez | 0-0: Ball 1-0: SINGLE (Groundball, 4MD) António Martínez scores Michael Field to third Rodney González to second Runner from 3rd tries for Home, SAFE, no throw | Batting: RHB Reynaldo Slomp | 0-0: Ball 1-0: Ball 2-0: Ball 3-0: Called Strike 3-1: Called Strike 3-2: Ground out 5-3 (Groundball, 56S) | Bottom of the 7th over - 2 runs, 2 hits, 0 errors, 2 left on base; Redwood City 2 - Mile High 9 | TOP OF THE 8TH |
---|
Redwood City Redwoods batting - Pitching for Mile High Broncos : LHP Jorge García | Now in CF: Luis Ramos | | Batting: RHB Joe Noble | 0-0: Called Strike 0-1: Ball 1-1: Ball 2-1: Foul Ball, location: 2F 2-2: Ball 3-2: Base on Balls | Pitching: LHP Domingo Morales | | Batting: RHB Luis Ramírez | 0-0: Ball 1-0: Foul Ball, location: 2F 1-1: Called Strike 1-2: Ball 2-2: Ball 3-2: Foul Ball, location: 2F 3-2: Strikes out swinging | Batting: SHB Chris Young | 0-0: Called Strike 0-1: Foul Ball, location: 2F 0-2: Ground out 5-3 (Groundball, 56S) Joe Noble to second | Batting: LHB Dave Lee | 0-0: Ball 1-0: Foul Ball, location: 2F 1-1: Ball 2-1: Foul Ball, location: 2F 2-2: Fly out, F7 (Flyball, 7S) | Top of the 8th over - 0 runs, 0 hits, 0 errors, 1 left on base; Redwood City 2 - Mile High 9 | BOTTOM OF THE 8TH |
---|
Mile High Broncos batting - Pitching for Redwood City Redwoods : RHP Michael Díaz | Batting: LHB Jim Knight | 0-0: Called Strike 0-1: Ball 1-1: Called Strike 1-2: SOLO HOME RUN (Line Drive, 89XD), Distance : 397 ft | Batting: LHB Tony Báez | 0-0: Foul Ball, location: 2F 0-1: Ball 1-1: Called Strike 1-2: Strikes out swinging | Batting: RHB António Martínez | 0-0: Ball 1-0: Foul Ball, location: 2F 1-1: Foul Ball, location: 2F 1-2: Ground out 4-3 (Groundball, 4) | Batting: SHB Michael Field | 0-0: Called Strike 0-1: SOLO HOME RUN (Flyball, 9D), Distance : 388 ft | Batting: RHB Rodney González | 0-0: Called Strike 0-1: Ball 1-1: Ball 2-1: Ball 3-1: Base on Balls | Batting: RHB Luis Ramos | 0-0: Ball 1-0: Called Strike Rodney González is caught stealing 2nd base | Bottom of the 8th over - 2 runs, 2 hits, 0 errors, 0 left on base; Redwood City 2 - Mile High 11 | TOP OF THE 9TH |
---|
Redwood City Redwoods batting - Pitching for Mile High Broncos : LHP Domingo Morales | Now at 2B: Keith Shaffer | | Batting: SHB Ryan Holcomb | 0-0: Ground out 6-3 (Groundball, 6) | Batting: RHB Jason Blair | 0-0: Foul Ball, location: 2F 0-1: Called Strike 0-2: Strikes out swinging | Batting: LHB César Rodríguez | 0-0: Ball 1-0: Called Strike 1-1: Called Strike 1-2: Strikes out looking | Top of the 9th over - 0 runs, 0 hits, 0 errors, 0 left on base; Redwood City 2 - Mile High 11 | |